 Dungeon Crawl Stone Soup version 0.21-a0-95-g06f091e (webtiles) character file.

3049 Ijustatesigmund the Fighter (level 9, -2/108 HPs)
             Began as an Ogre Hunter on July 4, 2017.
             Was a Priest of Okawaru.
             Slain by a hell rat (14 damage)
             ... on level 8 of the Dungeon.
             The game lasted 00:20:21 (8635 turns).

Ijustatesigmund the Fighter (Ogre Hunter)           Turns: 8635, Time: 00:20:22

Health: -2/108     AC:  7    Str: 29    XL:     9   Next: 87%
Magic:  11/13      EV: 12    Int: 12    God:    Okawaru [***...]
Gold:   401        SH:  0    Dex:  9    Spells: 8/8 levels left

rFire    + . .     SeeInvis .   e - +1 giant club
rCold    x . .     Gourm    +   (shield currently unavailable)
rNeg     . . .     Faith    .   b - +1 robe
rPois    +         Spirit   .   (helmet restricted)
rElec    .         Reflect  .   q - +1 cloak (curse)
rCorr    .         Harm     .   (gloves unavailable)
MR       .....     Clarity  +   (boots unavailable)
Stlth    ++........             r - amulet of the gourmand
HPRegen  0.28/turn              w - +5 ring of strength
MPRegen  0.13/turn              l - ring of Pyromania {Fire rPois Str+6 Dex-3 Slay+2}

@: heroism, drained
A: unfitting armour, antennae 1, rugged brown scales 1, clarity, tough skin 1
a: Heroism, Renounce Religion


You were on level 8 of the Dungeon.
You worshipped Okawaru.
Okawaru was most pleased with you.
You were hungry.

You visited 2 branches of the dungeon, and saw 9 of its levels.
You also visited: Ossuary.

You collected 401 gold pieces.

Inventory:

Hand Weapons
 e - a +1 giant club (weapon)
Missiles
 c - 3 large rocks (quivered)
 d - 4 throwing nets
Armour
 b - a +1 robe (worn)
 q - a cursed +1 cloak (worn)
Jewellery
 l - the ring of Pyromania (right hand) {Fire rPois Str+6 Dex-3 Slay+2}
   (You found it on level 5 of the Dungeon)

   [ring of fire]

   It enhances your fire magic.
   It affects your strength (+6).
   It affects your dexterity (-3).
   It affects your accuracy and damage with ranged weapons and melee attacks
   (+2).
   It protects you from fire.
   It makes you vulnerable to cold.
   It protects you from poison.
 r - an amulet of the gourmand (around neck)
 w - a +5 ring of strength (left hand)
Wands
 v - a wand of iceblast (10/15)
Scrolls
 k - a scroll of teleportation
 n - 2 scrolls of amnesia
 u - 4 scrolls of remove curse
 x - 2 scrolls of fear
 y - 2 scrolls of recharging
 A - a scroll of identify
 B - a scroll of enchant weapon
Potions
 g - a potion of might
 i - a potion of magic
 m - a potion of invisibility
 o - 2 potions of haste
 p - 3 potions of curing
 s - a potion of heal wounds
 t - a potion of agility
 z - a potion of flight
Comestibles
 a - 2 meat rations
 f - 7 bread rations
 j - 8 royal jellies


   Skills:
 + Level 11.2(14.9) Fighting
 + Level 7.6(11.5) Maces & Flails
 - Level 4.0(7.9) Throwing
 - Level 1.7(5.7) Dodging
 - Level 0.6(4.6) Stealth
 + Level 6.5(5.5) Invocations


You had 8 spell levels left.
You didn't know any spells.

Dungeon Overview and Level Annotations

Branches:
Dungeon (8/15)             Temple (1/1) D:4            Lair (0/6) D:8

Altars:
Ashenzari
Cheibriados
Dithmenos
Elyvilon
Fedhas
Gozag
Hepliaklqana
Kikubaaqudgha
Makhleb
Nemelex Xobeh
Okawaru
Qazlal
Ru
Sif Muna
Trog
Uskayaw
Vehumet
Wu Jian
Xom
Yredelemnul
Zin
The Shining One


Innate Abilities, Weirdness & Mutations

You are too large for most types of armour.
You have tough skin. (AC +1)
You have a pair of small antennae on your head.
You are partially covered in rugged brown scales. (AC +1, +3% HP)
You possess an exceptional clarity of mind.


Message History

You assume a fearsome visage.
The hell rat is unaffected. x2
The cyan ugly thing looks frightened!
The hell rat bites you.
* * * LOW HITPOINT WARNING * * *
You feel drained.
* * * LOW HITPOINT WARNING * * *
You feel much better. The hell rat bites you.
You feel drained.
* * * LOW HITPOINT WARNING * * *
The hell rat bites you!
* * * LOW HITPOINT WARNING * * *
You hit the hell rat.
The hell rat is lightly wounded.
The hell rat bites you.
* * * LOW HITPOINT WARNING * * *
The hell rat bites you!
* * * LOW HITPOINT WARNING * * *
You closely miss the hell rat.
The hell rat is lightly wounded.
The hell rat bites you but does no damage.
The hell rat bites you!
You die...

...##*#........,*,,,,*,,,,,,,,,,,
...####.#.............!*,,,,,,,,,
.........#.......#..#..,,,,,,,,,,
...##.....#..........#**,,,,,,,,,
.....#..#............###,*,,,,,,,
...#....................,,,,,,,,<
*#.#....###...........##*,,,,,,,,
##...##.###.....rr......*,,***,,,
...##.†...##....@...u...,,** *,,,
...##.....#......>...###*** *,,,
....#.....#..........# *,,,
....#................#********,,,
..!.#.....#.....?...[..,,,,,**,,,
...##.....#.............,,,,*****
...##.....##............,,,,*
....#.....###......#....,,,,*
....####### #########.,,,,,,*


You could see a cyan ugly thing (fleeing) and 2 hell rats.

Vanquished Creatures
  The ghost of Duffy the Shield-Bearer, an amateur FoFi (D:5)
  A human (D:7)
  4 hogs (D:7)
  3 hungry ghosts (D:7)
  Menkaure (D:7)
  A porcupine (D:8)
  An ice beast (D:6)
  2 sky beasts
  3 ogres
  A centaur (D:7)
  Blork the orc (D:6)
  3 bullfrogs
  A scorpion (D:6)
  The ghost of 4thArraOfDagon the Vexing, a weakling DsEn (D:3)
  2 centaur zombies (Ossuary)
  A crimson imp (D:3)
  A hound (D:6)
  A human zombie (Ossuary)
  An iguana (D:8)
  A hell rat (D:8)
  2 worker ants
  A big kobold zombie (Ossuary)
  A hound zombie (Ossuary)
  3 mummies (Ossuary)
  A gnoll (D:3)
  7 adders
  3 shadow imps
  An ooze (D:6)
  2 adder zombies (Ossuary)
  An adder skeleton (D:5)
  A worm (D:2)
  A dart slug (D:3)
  11 leopard geckos
  20 orcs
  7 giant cockroaches
  3 gnoll zombies (Ossuary)
  10 goblins
  8 hobgoblins
  24 jackals
  3 quokkas
  12 bats
  2 frilled lizards
  2 goblin zombies (Ossuary)
  5 hobgoblin zombies (Ossuary)
  4 jackal zombies (Ossuary)
  10 kobolds
  4 kobold zombies (Ossuary)
  An orc zombie (Ossuary)
  4 quokka zombies (Ossuary)
  14 rats
  3 rat zombies (Ossuary)
202 creatures vanquished.

Notes
Turn   | Place    | Note
-------+----------+-------------------------------------------
     0 | D:1      | Ijustatesigmund the Ogre Hunter began the quest for the Orb.
     0 | D:1      | Reached XP level 1. HP: 22/22 MP: 1/1
    19 | D:1      | Reached skill level 3 in Fighting
   457 | D:1      | Reached XP level 2. HP: 21/31 MP: 2/2
   716 | D:1      | Reached skill level 1 in Maces & Flails
  1461 | D:1      | Reached XP level 3. HP: 27/39 MP: 3/3
  1603 | D:1      | Reached skill level 4 in Fighting
  2411 | D:2      | Reached XP level 4. HP: 29/49 MP: 4/4
  3323 | D:2      | Reached skill level 5 in Fighting
  3502 | D:3      | Reached XP level 5. HP: 50/57 MP: 5/5
  3625 | D:3      | Noticed 4thArraOfDagon's ghost (weakling DsEn)
  3638 | D:3      | Killed 4thArraOfDagon's ghost
  4319 | D:3      | Reached XP level 6. HP: 65/67 MP: 6/6
  4438 | D:3      | Noticed a sky beast
  4456 | D:3      | Killed a sky beast
  4456 | D:3      | Reached skill level 6 in Fighting
  4459 | D:3      | Gained mutation: You possess an exceptional clarity of mind. [mutagenic meat]
  4488 | D:3      | Gained mutation: You have a pair of small antennae on your head. [mutagenic meat]
  4489 | D:3      | Gained mutation: You are partially covered in rugged brown scales. (AC +1, +3% HP) [mutagenic meat]
  4948 | D:4      | Found a staircase to the Ecumenical Temple.
  4973 | Temple   | Entered the Ecumenical Temple
  5223 | Temple   | Became a worshipper of Warmaster Okawaru
  5517 | D:4      | Reached skill level 7 in Fighting
  5517 | D:4      | Reached XP level 7. HP: 71/80 MP: 7/7
  5782 | D:5      | Entered Level 5 of the Dungeon
  5796 | D:5      | Noticed Duffy's ghost (amateur FoFi)
  5800 | D:5      | Killed Duffy's ghost
  5800 | D:5      | Reached skill level 8 in Fighting
  5802 | D:5      | Reached skill level 5 in Maces & Flails
  5815 | D:5      | Got a sparkling turquoise ring
  5816 | D:5      | Identified the ring of Pyromania {Fire rPois Str+6 Dex-3 Slay+2} (You found it on level 5 of the Dungeon)
  5863 | D:5      | Reached * piety under Okawaru
  5953 | D:5      | Found a basalt altar of Yredelemnul.
  6287 | D:6      | Reached skill level 1 in Invocations
  6287 | D:6      | Reached XP level 8. HP: 60/91 MP: 8/8
  6563 | D:6      | Found a hide-covered altar of Uskayaw.
  6668 | D:6      | Noticed Blork the orc
  6670 | D:6      | Killed Blork the orc
  6842 | D:6      | Reached skill level 9 in Fighting
  7064 | D:6      | Found a sparkling altar of Nemelex Xobeh.
  7284 | D:7      | Noticed Menkaure
  7287 | D:7      | Killed Menkaure
  7390 | D:7      | Reached ** piety under Okawaru
  7563 | D:7      | Reached XP level 9. HP: 104/104 MP: 12/12
  7579 | D:7      | Reached skill level 10 in Fighting
  7594 | D:7      | Reached skill level 5 in Invocations
  8198 | D:8      | Reached *** piety under Okawaru
  8224 | D:8      | Noticed a death yak
  8224 | D:8      | Noticed a death yak
  8242 | D:8      | Noticed a death yak
  8275 | D:8      | Reached skill level 11 in Fighting
  8293 | D:8      | Found a sand-covered staircase.
  8298 | Ossuary  | Entered an ossuary
  8625 | D:8      | Noticed a cyan ugly thing
  8635 | D:8      | Slain by a hell rat

Vault maps used:
D:1:      dpeg_arrival_rooms_b
D:2:      minmay_pentomino_x4
D:3:      first_bread, grunt_ministairs_2, kennysheep_generic_room_6
D:4:      minmay_temple_entry_butterflies
D:5:      basic_altar, kennysheep_cross_bottleneck
D:6:      nemelex_xobeh_ov_fountains_minmay, basic_altar, uniq_blork_the_orc
D:7:      grunt_livestock, uniq_menkaure
D:8:      dpeg_lair_monsters, enter_ossuary_2,
          nicolae_ru_great_annihilating_truth, uniq_gastronok
Temple:   roderic_octagonal_lattice_temple
Ossuary:  minmay_ossuary_two_tombs

Skill      XL: |  1  2  3  4  5  6  7  8  9 |
---------------+----------------------------+-----
Fighting       | 3 4 5 7 8 9 11 | 11.2
Maces & Flails | 1 2 3 4 5 6 7 |  7.6
Invocations    | 1 4 6 |  6.5
Throwing       | |  4.0
Dodging        | |  1.7
Stealth        | |  0.6

Action                   |  1- 3 |  4- 6 |  7- 9 || total
-------------------------+-------+-------+-------++-------
Melee: Club              |    38 |       |       ||    38
       Short sword       |     8 |       |       ||     8
       Whip              |   136 |   146 |       ||   282
       Great mace        |       |    58 |       ||    58
       Flail             |       |   118 |     2 ||   120
       Giant club        |       |       |   215 ||   215
Throw: Large rock        |       |     7 |    14 ||    21
Invok: Heroism           |       |       |     4 ||     4
  Use: Scroll            |     1 |    11 |    14 ||    26
       Potion            |       |     3 |     2 ||     5
 Stab: Sleeping          |     1 |     1 |     1 ||     3
  Eat: Chunk             |     5 |    12 |    30 ||    47
       Fruit             |       |     2 |     2 ||     4
Armor: Robe              |   111 |   150 |    75 ||   336
Dodge: Dodged            |   118 |   307 |   122 ||   547
